 Dungeon Crawl Stone Soup version 0.21.1-1-g345015f (webtiles) character file.

22 Mesmaeker13 the Skirmisher (level 2, 0/31 HPs)
             Began as an Ogre Wanderer on June 2, 2018.
             Slain by a jackal (2 damage)
             ... on level 1 of the Dungeon.
             The game lasted 00:01:26 (700 turns).

Mesmaeker13 the Skirmisher (Ogre Wanderer)           Turns: 700, Time: 00:01:27

Health: 0/31       AC:  3    Str: 18    XL:     2   Next: 91%
Magic:  3/3        EV:  9    Int: 11    God:
Gold:   28         SH:  4    Dex:  7    Spells: 3/3 levels left

rFire    . . .     SeeInvis .   j - -3 mace (curse)
rCold    . . .     Gourm    .   (no shield)
rNeg     . . .     Faith    .   d - +0 robe
rPois    .         Spirit   .   (helmet restricted)
rElec    .         Reflect  +   (no cloak)
rCorr    .         Harm     .   (gloves unavailable)
MR       .....                  (boots unavailable)
Stlth    +.........             h - +4 amulet of reflection
HPRegen  0.10/turn              (no ring)
MPRegen  0.08/turn              (no ring)

@: no status effects
A: large, unfitting armour, tough skin 1
a: no special abilities


You were on level 1 of the Dungeon.
You were not hungry.

You visited 1 branch of the dungeon, and saw 1 of its levels.

You collected 28 gold pieces.

Inventory:

Hand Weapons
 a - a +2 hand crossbow
 e - a +0 club
 j - a cursed -3 mace (weapon)
Missiles
 b - 29 bolts
Armour
 d - a +0 robe (worn)
Jewellery
 h - a +4 amulet of reflection (around neck)
Scrolls
 i - 2 scrolls of magic mapping
Books
 c - the Tome of Clay

   Spells                             Type                      Level
   a - Sandblast                      Earth                        1
   b - Stone Arrow                    Conjuration/Earth            3
Comestibles
 f - 3 rations
 g - 2 chunks of flesh


   Skills:
 + Level 3.4 Fighting
 + Level 1.0 Maces & Flails
 - Level 1.3 Crossbows
 - Level 1.0 Throwing
 + Level 1.6 Dodging
   Level 1.0 Shields
 - Level 1.2 Spellcasting
   Level 1.0 Summonings
   Level 1.0 Translocations


You had 3 spell levels left.
You didn't know any spells.

Dungeon Overview and Level Annotations

Branches:
Dungeon (1/15)

Altars:


Innate Abilities, Weirdness & Mutations

You are too large for most types of armour.
You have tough skin. (AC +1)


Message History

You hit the jackal.
You kill the jackal!
The jackal bites you but does no damage.
Okay, then.
You aren't carrying any potions.
Unknown command.
You aren't carrying any potions.
Unknown command.
You miss the jackal.
The jackal bites you but does no damage.
The jackal closely misses you.
You closely miss the jackal.
The jackal bites you but does no damage.
The jackal barely misses you.
You barely miss the jackal. The jackal bites you.
* * * LOW HITPOINT WARNING * * *
You miss the jackal.
The jackal bites you but does no damage.
The jackal bites you.
You die...

............#,,,,,,,,,,,,,,,*,,,*
............#,,,,,,,,,,,,,,,*,,,*
####...######*****,,,,,,,,,,*,,,,
# #...# ****,,,,,,,*,**, # #...#
##########..,,,,,*,**,
####...#####...........,,,,,*,,,,
...............##############**,,
####...###.....####..........**,,
.........[......@hh..........,,,,
####...####....####..........**,,
# #...# #....# #..........**,,
####...# #....# #.h........**,,
...#####**#....#**#..........**,*
...# *,.......,............,,,*
...# *.....(..........#####,***
...# *................# *,,,,
...# *,,,,,,..........# *****


You could see 2 jackals.

Vanquished Creatures
  3 giant cockroaches (D:1)
  3 goblins (D:1)
  3 hobgoblins (D:1)
  4 jackals (D:1)
  2 frilled lizards (D:1)
  4 rats (D:1)
19 creatures vanquished.

Notes
Turn   | Place    | Note
-------+----------+-------------------------------------------
     0 | D:1      | Mesmaeker13 the Ogre Wanderer began the quest for the Orb.
     0 | D:1      | Mesmaeker13 set off with: a +2 hand crossbow, 29 bolts, the Tome of Clay, a +0 robe, a ration
     0 | D:1      | Reached XP level 1. HP: 22/22 MP: 2/2
     0 | D:1      | Identified the Tome of Clay
   280 | D:1      | Reached skill level 3 in Fighting
   357 | D:1      | Reached XP level 2. HP: 24/31 MP: 3/3
   677 | D:1      | Reached skill level 1 in Maces & Flails
   700 | D:1      | Slain by a jackal

Skill      XL: |  1  2 |
---------------+-------+-----
Fighting       | 3 |  3.4
Maces & Flails | 1 |  1.0
Crossbows      | |  1.3
Throwing       | |  1.0
Dodging        | |  1.6
Shields        | |  1.0
Spellcasting   | |  1.2
Summonings     | |  1.0
Translocations | |  1.0

Action                   || total
-------------------------++-------
Melee: Club              ||    24
       Mace              ||    55
 Fire: Hand crossbow     ||     2
  Use: Scroll            ||     2
Armor: Robe              ||    23
Dodge: Dodged            ||    49
Block: Other             ||    21
